 Dungeon Crawl Stone Soup version 0.21-a0-267-ga5fc350 (webtiles) character file.

272 JackS81 the Slasher (level 6, -1/51 HPs)
             Began as a Centaur Chaos Knight on Sept 13, 2017.
             Killed by divine providence
             ... invoked by an orc priest
              (10 damage)
             ... on level 3 of the Dungeon.
             The game lasted 00:10:14 (1967 turns).

JackS81 the Slasher (Centaur Chaos Knight)          Turns: 1967, Time: 00:10:14

Health: -1/51      AC:  5    Str: 16    XL:     6   Next: 2%
Magic:  6/6        EV:  8    Int: 11    God:    Xom [....*.]
Gold:   98         SH:  3    Dex:  9    Spells: 5/5 levels left

rFire    . . .     SeeInvis .   a - +0 falchion (chaos)
rCold    . . .     Gourm    .   j - +0 buckler
rNeg     . . .     Faith    .   A - +1 leather armour {rPois}
rPois    +         Spirit   .   (no helmet)
rElec    .         Reflect  .   (no cloak)
rCorr    .         Harm     .   (no gloves)
MR       .....                  (no barding)
Stlth    ..........             (no amulet)
HPRegen  0.17/turn              (no ring)
MPRegen  0.10/turn              (no ring)

@: very quick
A: hooves 3, deformed body, speed 2, tough skin 3
a: Renounce Religion


You were on level 3 of the Dungeon.
You worshipped Xom.
You were a beloved toy of Xom.
You were not hungry.

You visited 1 branch of the dungeon, and saw 3 of its levels.

You collected 98 gold pieces.

Inventory:

Hand Weapons
 a - a +0 falchion of chaos (weapon)
 i - a +1 dagger of speed
 w - a +2 quarterstaff of chaos
 x - a cursed +0 mace
Missiles
 e - 30 sling bullets
 h - 8 tomahawks (quivered)
 y - 5 poisoned tomahawks
Armour
 b - a +2 leather armour
 j - a +0 buckler (worn)
 A - a +1 leather armour of poison resistance (worn)
Wands
 z - a wand of disintegration (12/24)
Scrolls
 g - a scroll of enchant armour {unknown}
 m - a scroll of blinking {unknown}
 n - 3 scrolls of enchant weapon {unknown}
 s - a scroll of identify
 u - a scroll of remove curse
Potions
 f - a potion of haste {unknown}
 k - a potion of heal wounds {unknown}
 l - a potion of flight {unknown}
 p - a potion of brilliance {unknown}
 q - a potion of ambrosia {unknown}
 r - a potion of curing {unknown}
 v - a potion of degeneration {unknown}
Comestibles
 c - 3 bread rations
 d - 2 meat rations
 o - 2 royal jellies
 t - 8 chunks of flesh


   Skills:
 - Level 3.0 Fighting
 * Level 6.0 Long Blades
 + Level 1.4 Armour
 - Level 0.6 Dodging
 * Level 0.5 Shields


You had 5 spell levels left.
You didn't know any spells.

Dungeon Overview and Level Annotations

Branches:
Dungeon (3/15)

Altars:
Wu Jian
Xom


Innate Abilities, Weirdness & Mutations

You have hooves in place of feet.
Armour fits poorly on your strangely shaped body.
You cover ground very quickly.
You have extremely tough skin. (AC +3)


Message History

t - 7 chunks of flesh (gained 4)
Things that are here:
a falchion; a chain mail; an orc skeleton
Things that are here:
a dagger x2
There isn't anything to butcher here.
Things that are here:
a short sword; an orc corpse You butcher the orc corpse.
t - 8 chunks of flesh (gained 1)
You see here a short sword.
Things that are here:
a dagger x2
An adder, an orc warrior and 2 orc priests come into view.
The adder hisses angrily.
The orc warrior shouts!
The orc priest looks satisfied for a moment.
The orc priest invokes the aid of Beogh against you.
Beogh smites you!
You die...
Xom laughs nastily!

♣.♣♣ #....
♣..♣ #....
♣♣.♣ ###+#
♣♣♣ ♣.♣
#...
♣♣♣.♣♣♣♣.♣
#..#
♣.)).♣...♣
#..<
♣♣..♣)....♣
#...
♣..♣♣♣...♣♣
#... ♣@.♣
♣.♣♣♣ #..<
♣♣S♣♣ ♣.♣
#... ♣..♣
♣♣♣ #...
♣♣..♣ #...
♣..♣♣ #...
♣♣o.♣ #..#
♣..♣♣
♣♣♣##)..
♣o♣♣
♣....#.#
♣o♣
♣.♣#....


You could see an orc warrior, an orc priest and an adder.

Vanquished Creatures
  2 jellies (D:2)
  An orc priest (D:3)
  Crazy Yiuf (D:2)
  Ijyb (D:3)
  An adder (D:2)
  8 oozes (D:2)
  A worm (D:2)
  2 leopard geckos
  8 orcs (D:3)
  A ball python (D:2)
  4 bats
  A giant cockroach (D:3)
  6 goblins
  5 hobgoblins
  8 jackals
  6 frilled lizards
  10 kobolds
  6 rats
  A toadstool (D:2)
73 creatures vanquished.

Vanquished Creatures (others)
  7 toadstools (D:2)
7 creatures vanquished.

Grand Total: 80 creatures vanquished

Notes
Turn   | Place    | Note
-------+----------+-------------------------------------------
     0 | D:1      | JackS81 the Centaur Chaos Knight began the quest for the Orb.
     0 | D:1      | Reached XP level 1. HP: 19/19 MP: 1/1
   119 | D:1      | XOM: harmless Necr miscast
   120 | D:1      | XOM: noise
   125 | D:1      | Reached skill level 3 in Long Blades
   139 | D:1      | Reached XP level 2. HP: 11/26 MP: 2/2
   140 | D:1      | XOM: divination: detect creatures
   420 | D:1      | XOM: scenery: create altars
   909 | D:2      | Reached XP level 3. HP: 25/31 MP: 3/3
   916 | D:2      | Reached skill level 4 in Long Blades
   924 | D:2      | Reached XP level 4. HP: 29/38 MP: 4/4
   952 | D:2      | Reached skill level 5 in Long Blades
  1105 | D:2      | Reached XP level 5. HP: 34/45 MP: 5/5
  1424 | D:2      | Found a runed door.
  1428 | D:2      | Noticed Crazy Yiuf
  1435 | D:2      | Killed Crazy Yiuf
  1699 | D:3      | XOM: god gift: scroll labeled UNIGOM DAWYKUQ {god gift}
  1739 | D:3      | Found an ornate altar of the Wu Jian Council.
  1747 | D:3      | Noticed Ijyb
  1747 | D:3      | XOM: scenery: 1 doors open
  1761 | D:3      | Killed Ijyb
  1916 | D:3      | Reached skill level 6 in Long Blades
  1936 | D:3      | Reached XP level 6. HP: 5/51 MP: 6/6
  1956 | D:3      | Noticed an orc warrior
  1967 | D:3      | Killed from afar by an orc priest

Vault maps used:
D:1:      dpeg_arrival_rooms_a
D:2:      cheibrodos_fertilizer, first_bread, grunt_ministairs_10,
          uniq_crazy_yiuf_cottage
D:3:      kb_forest_paths, old_standard_altar, uniq_ijyb

Skill      XL: |  1  2  3  4  5 |
---------------+----------------+-----
Long Blades    | 3 4 5 6 |  6.0
Fighting       | |  3.0
Armour         | |  1.4
Dodging        | |  0.6
Shields        | |  0.5

Action                   |  1- 3 |  4- 6 || total
-------------------------+-------+-------++-------
Melee: Falchion          |    88 |   121 ||   209
       Kick              |    11 |    32 ||    43
  Use: Scroll            |       |     4 ||     4
 Stab: Paralysed         |       |     1 ||     1
  Eat: Chunk             |       |     2 ||     2
Armor: Leather armour    |    35 |    30 ||    65
Dodge: Dodged            |    43 |    41 ||    84
Block: Buckler           |     5 |     5 ||    10
       Rpst.: Falchion   |    10 |    14 ||    24

Table legend:
 A = Spawn XP
 B = Non-spawn XP
 C = Spawn XP percentage of total XP
 D = Spawn monster count
 E = Non-spawn monster count
 F = Spawn count percentage of total count
 G = Total turns spent on level
                    A         B        C        D         E        F      G
               +---------+---------+-------+---------+---------+-------+---------
         Total |       0 |     389 |   0.0 |       0 |      72 |   0.0 |  1967
               +---------+---------+-------+---------+---------+-------+---------
           D:1 |       0 |      29 |   0.0 |       0 |      16 |   0.0 |   754
           D:2 |       0 |     234 |   0.0 |       0 |      34 |   0.0 |   811
           D:3 |       0 |     126 |   0.0 |       0 |      22 |   0.0 |   402
               +---------+---------+-------+---------+---------+-------+---------
